 Dungeon Crawl Stone Soup version 0.27-a0-1071-ga85bd9520d (webtiles) character file.

Game seed: 16867462632583491322

55 shoop the Magician (level 3, 0/27 HPs)
             Began as a Demonspawn Wanderer on Apr 24, 2021.
             Killed from afar by an orc wizard (7 damage)
             ... with a magic dart
             ... on level 3 of the Dungeon.
             The game lasted 00:05:04 (2623 turns).

shoop the Magician (Demonspawn Wanderer)            Turns: 2623, Time: 00:05:05

Health: 0/27       AC:  2    Str: 12    XL:     3   Next: 67%
Magic:  0/9        EV: 11    Int: 14    God:
Gold:   75         SH:  4    Dex: 12    Spells: 11/12 levels left

rFire    . . .     SeeInvis .   g - +0 short sword
rCold    . . .     Faith    .   (no shield)
rNeg     . . .     Spirit   .   c - +0 robe
rPois    .         Reflect  .   (no helmet)
rElec    .         Harm     .   (no cloak)
rCorr    .         Rampage  .   (no gloves)
Will     .....                  (no boots)
Stlth    ++........             (no amulet)
HPRegen  0.09/turn              (no ring)
MPRegen  0.11/turn              (no ring)

@: no status effects
A: large bone plates 1
a: no special abilities


You were on level 3 of the Dungeon.
You visited 1 branch of the dungeon, and saw 3 of its levels.

You collected 75 gold pieces.

Inventory:

Hand Weapons
 a - a +0 club
 g - a +0 short sword (weapon)
Missiles
 k - 2 boomerangs (quivered)
Armour
 c - a +0 robe (worn)
 d - a +0 kite shield
Jewellery
 l - a ring of wizardry
Scrolls
 b - 4 scrolls of immolation {unknown}
 e - a scroll of noise {unknown}
 h - 2 scrolls of amnesia {unknown}
 j - a scroll of fog {unknown}
Potions
 f - a potion of attraction {unknown}
 i - a potion of curing {unknown}


   Skills:
 + Level 1.7 Fighting
 - Level 1.0 Throwing
 + Level 1.8 Stealth
 - Level 1.0 Shields
 - Level 5.0 Spellcasting
 - Level 1.0 Hexes
 - Level 1.0 Summonings
 - Level 1.1 Necromancy
 + Level 1.5 Air Magic


You had 11 spell levels left.
You knew the following spells:

 Your Spells              Type           Power      Damage    Failure   Level
a - Shock                 Conj/Air       20%        1d4       13%         1

Your spell library contained the following spells:

 Spells                   Type           Power      Damage    Failure   Level
 Mephitic Cloud           Conj/Pois/Air  4%         N/A       38%         3


Dungeon Overview and Level Annotations

Branches:
Dungeon (3/15)

Altars:

Shops:
D:2 *


Innate Abilities, Weirdness & Mutations

You are partially covered in large bone plates. (SH +4)


Message History

The orc is moderately wounded.
Casting: Shock (safe; 13% risk of failure)
Confirm with . or Enter, or press ? or * to list all spells.
Aiming: Shock (safe; 13% risk of failure)
Press: ? - help, Shift-Dir - straight line, f/p - orc wizard
Aim: an orc wizard, wielding a +0 dagger and wearing a +0 robe (moderately wounded, 55% to hit)
The zap misses the orc wizard.
The zap hits the orc.
The orc is heavily wounded.
The orc wizard gestures at you while chanting.
You are confused.
You bump into the rock wall.
You bump into the rock wall.
The orc wizard hits you with a +0 dagger.
You bump into the rock wall.
The orc wizard closely misses you.
You bump into the rock wall.
The orc wizard hits you but does no damage.
You closely miss the orc wizard.
The orc wizard is moderately wounded.
The orc wizard closely misses you.
You hit the orc wizard.
The orc wizard is heavily wounded.
You feel less confused.
The orc wizard points at you and mumbles some strange words.
The magic dart hits you!
You hit the orc wizard.
The orc wizard is severely wounded.
The orc wizard points at you and mumbles some strange words.
The magic dart hits you!
* * * LOW HITPOINT WARNING * * *
Casting: Shock (safe; 13% risk of failure)
Confirm with . or Enter, or press ? or * to list all spells.
Aiming: Shock (safe; 13% risk of failure)
Press: ? - help, Shift-Dir - straight line, f/p - orc wizard
Aim: an orc wizard, wielding a +0 dagger and wearing a +0 robe (severely wounded, 55% to hit)
The zap hits the orc wizard but does no damage.
The orc wizard is severely wounded.
The zap misses the orc.
The orc wizard gestures at you while chanting.
The magic dart hits you!
You die...

#......##
#.#.#
##.#####
#.#.#
#.#.#
#.#.#
#.#.#
#...#
#.### #.#
#@# #o#
#o# #.#
#)# #.#
..# .<.


You could see an orc wizard and an orc.

Vanquished Creatures
  An adder (D:2)
  A worm (D:2)
  3 orcs (D:3)
  4 ball pythons
  An endoplasm (D:2)
  3 giant cockroaches (D:2)
  3 goblins (D:1)
  3 hobgoblins
  2 jackals (D:1)
  5 kobolds
  A quokka (D:1)
  6 bats
  2 frilled lizards
  4 rats
39 creatures vanquished.

Notes
Turn   | Place    | Note
-------+----------+-------------------------------------------
     0 | D:1      | shoop the Demonspawn Wanderer began the quest for the Orb.
     0 | D:1      | shoop set off with the following items: a +0 club, a +0
                  | robe, a +0 kite shield; and the following spell memorised:
                  | Shock; and the following spells available to memorise:
                  | Mephitic Cloud
     0 | D:1      | Reached XP level 1. HP: 13/13 MP: 6/6
    91 | D:1      | Found a faded altar of an unknown god.
   454 | D:1      | Gained mutation: You are partially covered in large bone
                  | plates. (SH +4) [demonic ancestry]
   454 | D:1      | Reached XP level 2. HP: 20/20 MP: 6/8
   653 | D:1      | Reached skill level 1 in Stealth
   671 | D:1      | Reached skill level 1 in Fighting
   851 | D:1      | Reached skill level 1 in Air Magic
  1353 | D:2      | Found Nadumesa's Assorted Antiques.
  1659 | D:2      | Reached XP level 3. HP: 26/26 MP: 5/9
  2623 | D:3      | Killed from afar by an orc wizard

Illustrated notes

Levels and vault maps discovered:
D:1:      ncdulo_smallfort, layout_basic,
          hellmonk_ecumenical_altar_heavens_door, roderic_lattice_a,
          chequers_serial_rivers_small_b
D:2:      layout_loops_ring, serial_shops, shop
D:3:      layout_loops_ring, serial_shops, nicolae_shop_statue_plus,
          minmay_statues_item, uniq_crazy_yiuf_cottage, uniq_jessica,
          uniq_natasha

Skill      XL: |  1  2 |
---------------+-------+-----
Stealth        | 1 |  1.8
Fighting       | 1 |  1.7
Air Magic      | 1 |  1.5
Throwing       | |  1.0
Shields        | |  1.0
Spellcasting   | |  5.0
Hexes          | |  1.0
Summonings     | |  1.0
Necromancy     | |  1.1

Action                   || total
-------------------------++-------
Melee: Club              ||     7
       Short sword       ||     8
 Cast: Shock             ||   121
Armor: Robe              ||    10
Dodge: Dodged            ||    22
Block: Other             ||     7

Table legend: (Time is in decaauts)
 A = Elapsed time spent in this place.
 B = Non-inter-level travel time spent in this place.
 C = Inter-level travel time spent in this place.
 D = Time resting spent in this place.
 E = Time spent auto-exploring this place.
 F = Levels seen in this place.
 G = Mean time per level.
                   A        B        C        D        E       F      G
               +--------+--------+--------+--------+--------+-----+--------+
         Total |   2625 |   2537 |     88 |     89 |   2203 |   3 |  875.0 |
       Dungeon |   2625 |   2537 |     88 |     89 |   2203 |   3 |  875.0 |
               +--------+--------+--------+--------+--------+-----+--------+

Top non-repeatable levels by time:
     D:2: 1227 daAuts
     D:1: 1143 daAuts
     D:3: 254 daAuts
